 Dungeon Crawl Stone Soup version 0.19-a0-1786-g230130f (webtiles) character file.

698 kae the Insei (level 7, -2/52 HPs)
             Began as a Grey Draconian Transmuter on Oct 2, 2016.
             Killed by nerve-wracking pain
             ... invoked by an orc priest
              (4 damage)
             ... on level 4 of the Dungeon on Oct 3, 2016.
             The game lasted 00:08:09 (5178 turns).

kae the Insei (Grey Draconian Transmuter)           Turns: 5178, Time: 00:08:09

Health: -2/52      AC: 12    Str: 12    XL:     7   Next: 38%
Magic:  9/10       EV: 12    Int: 13    God:
Gold:   237        SH:  0    Dex: 14    Spells: 3 memorised, 4 levels left

rFire  . . .     SeeInvis .       - Unarmed
rCold  . . .     Gourm    .     (armour unavailable)
rNeg   . . .     Faith    .     (no shield)
rPois  .         Spirit   .     (helmet restricted)
rElec  .         Dismiss  .     (no cloak)
rCorr  .         Reflect  .     j - +0 pair of gloves
MR     .....     Harm     .     (boots currently unavailable)
Stlth  +.........               (no amulet)
                                (no ring)
                                (no ring)

@: appendage
A: walk through water, unfitting armour, talons 3, unbreathing, cold-blooded, AC
+11
a: End Transformation


You were on level 4 of the Dungeon.
You were not hungry.
You had grown temporary talons.
You visited 1 branch of the dungeon, and saw 5 of its levels.

You collected 237 gold pieces.

Inventory:

Missiles
 a - 112 arrows
Armour
 j - a +0 pair of gloves (worn)
Jewellery
 w - an uncursed ring of protection from cold {unknown}
Wands
 p - a wand of random effects (20/48)
 v - a wand of paralysis (7/24)
Scrolls
 e - a scroll of noise
 g - 4 scrolls of identify
 k - 3 scrolls of magic mapping {unknown}
 l - a scroll of teleportation
 n - a scroll of remove curse
 s - a scroll of immolation {unknown}
Potions
 i - 3 potions of magic {unknown}
 m - a potion of brilliance {unknown}
 o - a potion of mutation {unknown}
 q - 4 potions of curing
 t - a potion of ambrosia {unknown}
Books
 b - a book of Changes

   Spells                             Type                      Level
   a - Beastly Appendage              Transmutation                1
   b - Sticks to Snakes               Transmutation                2
   c - Spider Form                    Transmutation/Poison         3
   d - Ice Form                       Ice/Transmutation            4
   e - Blade Hands                    Transmutation                5
 h - the Handbook of Feathery Augmentations
   (You found it on level 4 of the Dungeon)

   Spells                             Type                      Level
   a - Regeneration                   Charms/Necromancy            3
   b - Iskenderun's Battlesphere      Conjuration/Charms           5
   c - Poisonous Cloud                Conjuration/Poison/Air       6
 r - a book of Geomancy

   Spells                             Type                      Level
   a - Sandblast                      Earth                        1
   b - Passwall                       Transmutation/Earth          2
   c - Stone Arrow                    Conjuration/Earth            3
   d - Petrify                        Transmutation/Earth          4
   e - Lee's Rapid Deconstruction     Earth                        5
Comestibles
 c - 6 bread rations
 d - 3 meat rations
 f - a beef jerky
 x - 9 chunks of flesh


   Skills:
 - Level 1.1 Fighting
 - Level 1.7 Dodging
 * Level 7.3 Unarmed Combat
 - Level 2.0 Spellcasting
 + Level 5.0 Transmutations


You had 4 spell levels left.
You knew the following spells:

 Your Spells              Type           Power        Failure   Level  Hunger
a - Beastly Appendage     Tmut           ##....       3%          1    ##.....
b - Sticks to Snakes      Tmut           ##......     6%          2    ###....
c - Spider Form           Tmut/Pois      #.........   28%         3    ####...


Dungeon Overview and Level Annotations

Branches:
Dungeon (5/15)
 Temple: D:4-7

Altars:
Nemelex Xobeh
Sif Muna


Innate Abilities, Weirdness & Mutations

You can walk through water.
Your dull iron-grey scales are very hard. (AC +11)
You cannot fit into any form of body armour.
You can survive without breathing.
You are cold-blooded and may be slowed by cold attacks.
You have claws for feet.


Message History

The orc is moderately wounded.
The orc priest barely misses you.
Casting: Beastly Appendage
Confirm with . or Enter, or press ? or * to list all spells.
Your feet morph into talons.
The orc hits you with a club.
The orc priest invokes the aid of Beogh against you.
Beogh smites you!
* * * LOW HITPOINT WARNING * * *
The orc hits you but does no damage. The orc priest closely misses you.
You hit the orc. You tail-slap the orc.
You kill the orc!
The orc priest invokes the aid of Beogh against you.
Beogh smites you!
* * * LOW HITPOINT WARNING * * *
The orc priest begins to cast a cantrip, but forgets the words!
Things that are here:
a club; an orc corpse The orc priest mumbles some strange prayers to Beogh against you.
Pain shoots through your body!
You die...

# ##........#..#...##.##
##########.............##....#
....................##.###..##
##########(..........#.###..#
# #..............###.#### #
#.....[....#.#..##....# #
##........##.##....##.# #
##....o...##.#####..#.# #
#......@[..#...# #..#.## ####
#.......)..###.###..#..# ...#
#..........# #.##....... ...#
#.........<# #.##.####.. ...#
#.(........# #.##.# ### ...#
##........## #...<# <..#
##......## ###..# ...#
######## #..# ...# ##.#


You could see an orc priest.

Vanquished Creatures
  An ogre (D:5)
  2 crimson imps (D:5)
  A hound (D:5)
  2 orc priests
  A centaur skeleton (D:4)
  Terence (D:2)
  Ijyb (D:2)
  4 worker ants
  Robin (D:3)
  9 adders
  4 gnolls (D:5)
  An ooze (D:1)
  2 adder skeletons (D:5)
  2 worms (D:2)
  5 dart slugs
  A leopard gecko (D:1)
  9 orcs
  4 giant cockroaches
  26 goblins
  13 hobgoblins
  10 jackals
  2 quokkas
  2 ball pythons (D:2)
  7 bats
  6 frilled lizards
  7 kobolds
  A quokka skeleton (D:4)
  9 rats
134 creatures vanquished.

Notes
Turn   | Place    | Note
-------+----------+-------------------------------------------
     0 | D:1      | kae the Draconian Transmuter began the quest for the Orb.
     0 | D:1      | Reached XP level 1. HP: 16/16 MP: 3/3
    72 | D:1      | Reached XP level 2. HP: 5/23 MP: 5/5
   937 | D:1      | Reached XP level 3. HP: 22/28 MP: 6/6
   953 | D:1      | Reached skill level 4 in Unarmed Combat
  1811 | D:2      | Reached XP level 4. HP: 27/35 MP: 7/7
  2207 | D:2      | Noticed Terence
  2213 | D:2      | Learned a level 2 spell: Sticks to Snakes
  2381 | D:2      | Killed Terence
  2532 | D:2      | Found a sparkling altar of Nemelex Xobeh.
  2629 | D:2      | Noticed Ijyb
  2652 | D:2      | Killed Ijyb
  2652 | D:2      | Reached XP level 5. HP: 39/40 MP: 8/8
  2837 | D:3      | Reached skill level 5 in Unarmed Combat
  3063 | D:3      | Found a deep blue altar of Sif Muna.
  3605 | D:3      | Noticed Robin
  3759 | D:3      | Killed Robin
  3962 | D:3      | Upgraded the game from 0.19-a0-1740-g0bcaf2e to 0.19-a0-1786-g230130f
  4072 | D:4      | Reached XP level 6. HP: 44/47 MP: 7/9
  4346 | D:4      | Identified the Handbook of Feathery Augmentations
  4362 | D:4      | Learned a level 3 spell: Spider Form
  4389 | D:4      | Reached skill level 6 in Unarmed Combat
  4849 | D:5      | Entered Level 5 of the Dungeon
  4920 | D:5      | Your scales start taking on a dull iron-grey colour.
  4920 | D:5      | Reached XP level 7. HP: 49/52 MP: 8/10
  4920 | D:5      | Gained mutation: You can survive without breathing. [Grey Draconian growth]
  4965 | D:5      | Reached skill level 7 in Unarmed Combat
  5071 | D:5      | Reached skill level 5 in Transmutations
  5176 | D:4      | HP: 1/52 [orc priest/divine providence (12)]
  5178 | D:4      | Killed from afar by an orc priest

Vault maps used:
D:1:      dpeg_arrival_rooms_with_view
D:2:      kennysheep_the_goblin_king, first_bread, nemelex_diamond_rough_becter,
          uniq_terence
D:3:      kennysheep_goblin_castle, overflow_temple_1_default,
          kennysheep_nondescript
D:5:      lemuel_round_altar, grunt_temple_overflow_cloverleaf,
          lemuel_round_altar, gup_sewer_entry_spiral

Skill      XL: |  1  2  3  4  5  6  7 |
---------------+----------------------+-----
Unarmed Combat | 4 5 6 7 |  7.3
Transmutations | 3 4 5 |  5.0
Fighting       | |  1.1
Dodging        | |  1.7
Spellcasting   | |  2.0

Action                   |  1- 3 |  4- 6 |  7- 9 || total
-------------------------+-------+-------+-------++-------
Melee: Unarmed           |   128 |   295 |    75 ||   498
       Tailslap          |     8 |    27 |     5 ||    40
       Punch             |     3 |     8 |     3 ||    14
       Kick              |     1 |     9 |     2 ||    12
       Headbutt          |       |     4 |     2 ||     6
 Cast: Beastly Appendage |     3 |    16 |     4 ||    23
       Spider Form       |       |     1 |     2 ||     3
  Use: Potion            |       |     1 |     1 ||     2
       Scroll            |       |     5 |       ||     5
 Stab: Distracted        |       |       |     1 ||     1
  Eat: Chunk             |     3 |    10 |     2 ||    15
Armor: Skin              |    48 |    58 |    33 ||   139
Dodge: Dodged            |    75 |   178 |    69 ||   322
